 Dungeon Crawl Stone Soup version 0.30.0-19-g36f170ea60 (webtiles) character file.

Game seed: 8848632302281168018

44 cheesebisquit the Caller (level 3, 0/24 HPs)
             Began as a Barachi Summoner on May 26, 2023.
             Slain by a gnoll
             ... wielding a +0 club
              (7 damage)
             ... on level 2 of the Dungeon.
             The game lasted 00:06:28 (1901 turns).

cheesebisquit the Caller (Barachi Summoner)         Turns: 1901, Time: 00:06:29

Health: 0/24       AC:  3    Str:  9    XL:     3   Next: 62%
Magic:  1/7        EV: 12    Int: 17    God:
Gold:   86         SH:  0    Dex: 12    Spells: 2/8 levels left

rFire   . . .        i - +0 whip
rCold   . . .        (no shield)
rNeg    . . .        a - +0 robe
rPois   .            (no helmet)
rElec   .            l - +0 cloak
rCorr   .            (no gloves)
SInv    .            (no boots)
Will    .....        (no amulet)
Stlth   ++           (no ring)
HPRegen 0.24/turn    (no ring)
MPRegen 0.10/turn

%: no passive effects
@: lethally poisoned (0 -> -1), slow
A: amphibious, slowness 1, strong legs 1, +LOS
a: Hop


You were on level 2 of the Dungeon.
You visited 1 branch of the dungeon, and saw 2 of its levels.

You collected 86 gold pieces.

Inventory:

Hand Weapons
 d - a +0 dagger
 i - a +0 whip (weapon)
Missiles
 f - 2 boomerangs
Armour
 a - a +0 robe (worn)
 l - a +0 cloak (worn)
Scrolls
 c - a scroll of silence {unknown}
 g - a scroll of immolation {unknown}
 k - a scroll of fear {unknown}
 n - a scroll of acquirement {unknown}
 o - a scroll of enchant armour {unknown}
Potions
 b - a potion of magic
 e - 2 potions of curing {unknown}
 h - a potion of haste {unknown}
 j - a potion of degeneration {unknown}
 m - a potion of lignification {unknown}


   Skills:
 - Level 2.1 Dodging
 - Level 1.7 Stealth
 + Level 3.2 Spellcasting
 + Level 5.6 Summonings


You had 2 spell levels left.
You knew the following spells:

 Your Spells              Type           Power      Damage    Failure   Level
a - Summon Small Mammal   Summ           84%        N/A       1%          1
b - Call Imp              Summ           42%        N/A       2%          2
c - Call Canine Familiar  Summ           21%        N/A       4%          3

Your spell library contained the following spells:

 Spells                   Type           Power      Damage    Failure   Level
 Summon Guardian Golem    Hex/Summ       12%        N/A       16%         3
 Summon Lightning Spire   Summ/Air       12%        N/A       47%         4


Dungeon Overview and Level Annotations

Branches:
Dungeon (2/15)

Altars:

Shops:
D:2 (


Innate Abilities, Weirdness & Mutations

You are amphibious.
You cover ground slowly.
You can hop short distances.
You have an extended range of vision and can be seen from far away.


Message History

The adder bites you.
You are poisoned.
The adder poisons you!
You feel sick.
A nearby plant withers and dies. x3
Your quokka barely misses the adder.
Your quokka bites the adder.
The adder bites your quokka.
The gnoll hits your hound with a +0 spear.
Your quokka barely misses the adder.
Your cerulean imp barely misses the adder.
Your quokka misses the adder.
Casting: Summon Small Mammal (safe; 1% risk of failure)
Confirm with . or Enter, or press ? or * to list all spells.
You feel sick.
A nearby plant withers and dies. x2
Your hound disappears in a puff of smoke!
The adder bites your quokka but does no damage.
The gnoll hits your quokka with a +0 club.
Your quokka completely misses the adder.
Your cerulean imp closely misses the gnoll.
Your quokka completely misses the adder.
The adder closely misses your quokka. The gnoll attacks as you move away!
The gnoll hits you with a +0 club.
You feel sick.
Your quokka closely misses the adder.
Your hound closely misses the adder.
The adder closely misses your quokka.
Your quokka barely misses the adder.
Your cerulean imp closely misses the gnoll.
The gnoll attacks as you move away! The gnoll barely misses you.
You feel sick.
Your hound bites the adder.
The adder dies!
Your quokka misses the gnoll.
Your cerulean imp closely misses the gnoll.
Your quokka bites the gnoll but does no damage.
Your quokka barely misses the gnoll.
The gnoll hits you with a +0 club!
* * * LOW HITPOINT WARNING * * *
Something hits your quokka!
Your quokka dies!
Your quokka's corpse disappears in a puff of smoke!
You feel sick.
Your cerulean imp disappears in a puff of smoke!
The gnoll attacks as you move away! The gnoll hits you with a +0 club!
You die...

......†..##.# ..
###########.# ... #.# ... #
#.# #.# ## #.# #.# .##
####.# #.####### ..##
##.##.## #.......#
...####......######.h...#.##
...'.......#....@g.§r......+
...####......######gg...#.#
..## ##.##### #....## .##
#.# #gg.....# ## #.#
#..P........ # #.#
#..P....P..#. #.#
#..P..P....# #.#
#..P.P...P.# # #.#
#........P...


You could see 3 gnolls, a friendly hound (summoned) and a friendly quokka
(summoned).

Vanquished Creatures
  A giant cockroach (D:1)
  2 goblins (D:1)
3 creatures vanquished.

Vanquished Creatures (collateral kills)
  An adder (D:2)
  A dart slug (D:1)
  2 bats (D:1)
  An endoplasm (D:1)
  5 hobgoblins
  3 jackals (D:1)
  2 quokkas
  5 ball pythons
  3 frilled lizards
  A goblin (D:2)
  3 rats
27 creatures vanquished.

Grand Total: 30 creatures vanquished

Notes
Turn   | Place    | Note
-------+----------+-------------------------------------------
     0 | D:1      | cheesebisquit the Barachi Summoner began the quest for the
                  | Orb.
     0 | D:1      | Reached XP level 1. HP: 13/13 MP: 3/3
   286 | D:1      | Reached skill level 5 in Summonings
   355 | D:1      | Reached XP level 2. HP: 19/19 MP: 1/5
   358 | D:1      | Learned a level 2 spell: Call Imp
   786 | D:1      | Reached XP level 3. HP: 17/24 MP: 4/7
  1056 | D:1      | Learned a level 3 spell: Call Canine Familiar
  1749 | D:2      | Found Gojir Sien's Antique Weapon Emporium.
  1855 | D:2      | Identified the +0 leather armour "Deikke" {rElec rF+ rC+
                  | Regen+}
  1901 | D:2      | Slain by a gnoll

Illustrated notes

Levels and vault maps discovered:
D:1:      dpeg_arrival_refuge, layout_loops_ring, chequers_arboretum
D:2:      layout_loops_corners, serial_shops, shop, nicolae_grassy_gnolls,
          uniq_jessica

Skill      XL: |  1  2  3 |
---------------+----------+-----
Summonings     | 5 |  5.6
Spellcasting   | 3 |  3.2
Dodging        | |  2.1
Stealth        | |  1.7

Action                     || total
---------------------------++-------
  Melee: Dagger            ||     1
         Unarmed           ||     1
         Whip              ||     7
         Punch             ||     1
   Cast: Summon Small Mamm ||    43
         Call Imp          ||    10
         Call Canine Famil ||     7
 Armour: Robe              ||     7
  Dodge: Dodged            ||    19
